 Dungeon Crawl Stone Soup version 0.31-a0-164-g2312942fda (webtiles) character file.

Game seed: 8928868672908872581

396 ytrimaz the Magician (level 6, -11/41 HPs)
             Began as a Mummy Necromancer on June 13, 2023.
             Killed by divine providence
             ... invoked by an orc priest
              (15 damage)
             ... on level 5 of the Dungeon.
             The game lasted 00:05:59 (4649 turns).

ytrimaz the Magician (Mummy Necromancer)            Turns: 4649, Time: 00:06:00

Health: -11/41     AC:  3    Str: 11    XL:     6   Next: 52%
Magic:  2/24       EV: 12    Int: 16    God:
Gold:   167        SH:  0    Dex: 13    Spells: 6/17 levels left

rFire   x . .        (no weapon)
rCold   + . .        (no shield)
rNeg    + + +        a - +0 robe rPois โˆž
                     k - +0 helmet
rElec   .            (no cloak)
rCorr   .            (no gloves)
SInv    .            (no boots)
Will    +....        (no amulet)
Stlth   ++           n - ring of willpower
HPRegen 0.26/turn    h - ring of magical power
MPRegen 0.19/turn

%: faith
@: no status effects
A: cold resistance 1, negative energy resistance 3, torment resistance 2, heat
vulnerability 1, in touch with death 1, no potions, faith
a: no special abilities


You were on level 5 of the Dungeon.
You visited 1 branch of the dungeon, and saw 5 of its levels.

You collected 167 gold pieces.


Innate Abilities, Weirdness & Mutations

You are immune to poison.
Your flesh is cold resistant. (rC+)
You are immune to negative energy. (rN+++)
You are immune to unholy pain and torment.
You are vulnerable to heat. (rF-)
You are in touch with the powers of death.
You do not drink.
You have a special connection with the divine. (Faith)


   Skills:
 - Level 1.5 Dodging
 - Level 1.5 Stealth
 - Level 6.2 Spellcasting
 + Level 6.2 Necromancy
 * Level 0.6 Earth Magic


You had 6 spell levels left.
You knew the following spells:

 Your Spells              Type           Power      Damage    Failure   Level
a - Necrotise             Necr           100%       1d9       1%          1
b - Vampiric Draining     Necr           37%        2d8       3%          3
c - Animate Dead          Necr           37%        N/A       11%         4
d - Stone Arrow           Conj/Erth      12%        3d7       34%         3

Your spell library contained the following spells:

 Spells                   Type           Power      Damage    Failure   Level
 Sandblast                Erth           14%        2d6       11%         1
 Passwall                 Tmut/Erth      5%         N/A       19%         2
 Agony                    Necr           37%        N/A       28%         5

Inventory:

Hand Weapons
 m - a +0 hand axe
   (You took it off an orc on level 4 of the Dungeon)
Armour
 a - a +0 robe (worn)
 k - a +0 helmet (worn)
   (You found it on level 3 of the Dungeon)
Jewellery
 e - a ring of see invisible
   (You found it on level 1 of the Dungeon)
 g - a ring of protection from cold
   (You found it on level 2 of the Dungeon)
 h - a ring of magical power (right hand)
   (You found it on level 3 of the Dungeon)
 n - a ring of willpower (left hand)
   (You found it on level 5 of the Dungeon)
Scrolls
 b - a scroll of fog
 c - a scroll of silence {unknown}
 d - 4 scrolls of teleportation
 i - a scroll of enchant armour
 j - a scroll of amnesia
 l - a scroll of identify

Dungeon Overview and Level Annotations

Branches:
Dungeon (5/15) Zot: 25351
 Temple: D:4-7

Altars:
Nemelex Xobeh

.... ...
###..#.#.#.#.#.# #
. ................#
.. ...#.#.#.#.#.#.#
o##..........ยง...#
....#.#.#Z#.#.#.#
#.[........ยง...#
#..#h#.#.#.#.###
#...@.........#
#..#g#.#.#.#.##
###........โ€ .g#
##.#.#.#.#.##
#...........#
##.#.#.#.#.##
.......#####
#########


You could see a black bear, an orc priest, a gnoll (swift) and a friendly hound
skeleton.


Message History

You kill the hound!
The dead are walking! ๐Ÿ˜Ž MP[-1]
You lost 1 mp, and now have 17/24 mp.
Casting: Necrotise (safe; 1% risk of failure)
Confirm with . or Enter, or press ? or * to list all spells.
You can't see any susceptible monsters within range! (Use Z to cast anyway.) Unknown command.
Your hound skeleton bites the white imp.
You feel a surge of power!
The white imp is unaffected.
A scorpion comes into view.
A gnoll bouda comes into view. It is wielding a +0 club.
The white imp hits you. The white imp freezes you. You resist.
Your hound skeleton bites the white imp. ๐Ÿ˜• HP[-2] MP[-1]
You take 2 damage, and now have 39/41 hp.
You lost 1 mp, and now have 16/24 mp.
You feel a surge of power!
The white imp is unaffected.
Your hound skeleton bites the white imp.
A gnoll comes into view. It is wielding a +0 whip.
The gnoll bouda barks out a call to the hunt!
The white imp barely misses you.
You feel a surge of power!
The white imp is unaffected.
Your hound skeleton barely misses the white imp.
A gnoll comes into view. It is wielding a +0 spear.
The gnoll hits you with a +0 antimagic flail!
You feel your power leaking away.
The gnoll bouda barks out a call to the hunt!
The gnoll picks up the pace!
The white imp completely misses you.
Your hound skeleton bites the white imp but does no damage.
The gnoll shouts! ๐Ÿ˜ฎ HP[-10] MP[-9]
You take 10 damage, and now have 29/41 hp.
MASSIVE DAMAGE!! (PAUSE)
You lost 9 mp, and now have 7/24 mp.
The white imp attacks as you move away! The white imp barely misses you.
The white imp picks up a beetle and eats it.
Your hound skeleton bites the gnoll.
Unknown command.
The white imp attacks as you move away! The white imp hits you.
The white imp freezes you. You resist. The gnoll attacks as you move away!
The gnoll closely misses you.
A black bear comes into view.
The gnoll bouda barks out a call to the hunt!
The gnoll picks up the pace!
Your hound skeleton bites the gnoll but does no damage. ๐Ÿ˜ฎ HP[-3]
You take 3 damage, and now have 26/41 hp.
Your hound skeleton bites the white imp but does no damage.
The gnoll hits you with a +0 antimagic flail.
You feel your power leaking away.
Your hound skeleton bites the white imp but does no damage. ๐Ÿ˜ฎ HP[-4] MP[-2]
You take 4 damage, and now have 22/41 hp.
You lost 2 mp, and now have 5/24 mp.
The gnoll attacks as you move away!
The gnoll hits you with a +0 antimagic flail!
* * * LOW HITPOINT WARNING * * *
You feel your power leaking away.
Your hound skeleton bites the white imp but does no damage. ๐Ÿ˜ฑ HP[-13] MP[-4]
You take 13 damage, and now have 9/41 hp.
MASSIVE DAMAGE!! (PAUSE)
You lost 4 mp, and now have 1/24 mp.
As you read the scroll of fear, it crumbles to dust.
You assume a fearsome visage.
The gnoll bouda looks frightened!
The scorpion looks frightened!
The white imp looks frightened!
The gnoll looks frightened! x2
Your hound skeleton closely misses the white imp.
The white imp hits your hound skeleton.
The white imp freezes your hound skeleton.
Your hound skeleton completely resists.
Your hound skeleton barely misses the white imp.
Unknown command. ๐Ÿ˜ฑ HP[+1]
The gnoll enters a dispersal trap!
Your hound skeleton blinks!
The gnoll bouda blinks!
You blink.
The gnoll barely misses you. ๐Ÿ˜ฑ MP[+1]
The black bear bites you.
* * * LOW HITPOINT WARNING * * *
The black bear barely misses you.
The black bear claws you but does no damage.
The gnoll barely misses you.
There is a stone staircase leading up here. ๐Ÿ˜ฑ HP[-1]
You take 1 damage, and now have 9/41 hp.
Unknown command.
The black bear bites you.
* * * LOW HITPOINT WARNING * * *
The black bear barely misses you. x2
The orc priest mumbles some strange prayers to Beogh against you.
Beogh smites you!
You die...

Skill      XL: |  1  2  3  4  5 |
---------------+----------------+-----
Spellcasting   | 3 4 5 6 |  6.2
Necromancy     | 5 6 |  6.2
Dodging        | |  1.5
Stealth        | |  1.5
Earth Magic    | |  0.6

Action                     |  1- 3 |  4- 6 || total
---------------------------+-------+-------++-------
  Melee: Unarmed           |     6 |    11 ||    17
         Hand axe          |       |     8 ||     8
         Punch             |       |     1 ||     1
   Cast: Necrotise         |    54 |   111 ||   165
         Vampiric Draining |     1 |    18 ||    19
    Use: Scroll            |     3 |     5 ||     8
 Armour: Robe              |     7 |    19 ||    26
  Dodge: Dodged            |    15 |    81 ||    96

Levels and vault maps discovered:
D:1:      scummos_arrival_simple_crosswalls, layout_basic
D:2:      minmay_door_path, layout_rooms
D:3:      layout_loops_ring, nemelex_dance_club_becter, st_stairs_14,
          minmay_box_of_dots, uniq_terence
D:4:      layout_basic, hangedman_abyss_or_decor_lesser_grid, kennysheep_nub,
          grunt_ministairs_14
D:5:      dreamdust_elfheim, layout_rooms, gammafunk_temple_overflow_forgotten,
          st_stairs_11, minivault_27

Notes
Turn   | Place    | Note
-------+----------+-------------------------------------------
     0 | D:1      | ytrimaz the Mummy Necromancer began the quest for the Orb.
     0 | D:1      | Reached XP level 1. HP: 13/13 MP: 4/4
     0 | D:1      | magus.rc [v1.9.6]
   112 | D:1      | Reached skill level 3 in Spellcasting
   390 | D:1      | Reached XP level 2. HP: 19/19 MP: 4/6
  1302 | D:1      | Gained mutation: You are in touch with the powers of death.
                  | [Mummy growth]
  1302 | D:1      | Reached XP level 3. HP: 24/24 MP: 6/8
  1306 | D:1      | Learned a level 3 spell: Vampiric Draining
  1584 | D:2      | Reached skill level 4 in Spellcasting
  1609 | D:2      | Reached XP level 4. HP: 18/30 MP: 0/10
  2003 | D:2      | Learned a level 4 spell: Animate Dead
  2122 | D:2      | Reached skill level 5 in Necromancy
  2838 | D:3      | Found a sparkling altar of Nemelex Xobeh.
  2922 | D:3      | Noticed Terence
  2928 | D:3      | Killed Terence
  2929 | D:3      | Reached skill level 5 in Spellcasting
  2929 | D:3      | Reached XP level 5. HP: 35/35 MP: 10/12
  3456 | D:4      | Noticed an ogre
  3462 | D:4      | Killed an ogre
  3463 | D:4      | Reached skill level 6 in Spellcasting
  3463 | D:4      | Reached skill level 6 in Necromancy
  3463 | D:4      | Reached XP level 6. HP: 41/41 MP: 14/15
  3570 | D:4      | You pick up a book of Geomancy and begin reading...
  3570 | D:4      | You add the spells Sandblast, Passwall and Stone Arrow to
                  | your library.
  4204 | D:4      | HP: 10/41 [ufetubus (3)]
  4512 | D:4      | Learned a level 3 spell: Stone Arrow
  4527 | D:5      | Entered Level 5 of the Dungeon
  4642 | D:5      | HP: 9/41 [gnoll/+0 antimagic flail (13)]
  4648 | D:5      | HP: 9/41 [black bear (2)]
  4649 | D:5      | HP: 4/41 [black bear (5)]
  4649 | D:5      | Killed from afar by an orc priest

Vanquished Creatures
  An ogre (D:4)
  3 hounds
  Terence (D:3)
  7 adders
  2 gnolls (D:2)
  An ufetubus (D:4)
  A worm (D:5)
  5 dart slugs
  9 orcs
  3 bats
  6 endoplasms
  2 giant cockroaches
  6 hobgoblins
  7 jackals
  2 quokkas
  4 ball pythons
  A frilled lizard (D:2)
  12 goblins
  10 kobolds
  7 rats
90 creatures vanquished.

Vanquished Creatures (collateral kills)
  A gnoll (D:2)
1 creature vanquished.

Grand Total: 91 creatures vanquished

Table legend:
 A = Non-vault XP
 B = Vault XP
 C = Vault XP percentage of total XP
 D = Non-vault monster count
 E = Vault monster count
 F = Vault count percentage of total count
                 A         B        C        D         E       F
            +---------+---------+-------+---------+---------+-------
      Total |     502 |      64 |  11.3 |      80 |      11 |  12.1
            +---------+---------+-------+---------+---------+-------
        D:1 |      41 |       0 |   0.0 |      22 |       0 |   0.0
        D:2 |      90 |       0 |   0.0 |      18 |       0 |   0.0
        D:3 |      41 |      54 |  56.8 |      10 |       8 |  44.4
        D:4 |     290 |       5 |   1.7 |      29 |       2 |   6.5
        D:5 |      40 |       5 |  11.1 |       1 |       1 |  50.0
            +---------+---------+-------+---------+---------+-------

Skill      XL: |  1  2  3  4  5 |
---------------+----------------+-----
Spellcasting   | 3 4 5 6 |  6.2
Necromancy     | 5 6 |  6.2
Dodging        | |  1.5
Stealth        | |  1.5
Earth Magic    | |  0.6

Action                     |  1- 3 |  4- 6 || total
---------------------------+-------+-------++-------
  Melee: Unarmed           |     6 |    11 ||    17
         Hand axe          |       |     8 ||     8
         Punch             |       |     1 ||     1
   Cast: Necrotise         |    54 |   111 ||   165
         Vampiric Draining |     1 |    18 ||    19
    Use: Scroll            |     3 |     5 ||     8
 Armour: Robe              |     7 |    19 ||    26
  Dodge: Dodged            |    15 |    81 ||    96

Illustrated notes

Table legend:
 A = Kills in this place as a percentage of kills in the entire game.
 B = Kills by you in this place as a percentage of kills by you in the entire game.
 C = Kills by friends in this place as a percentage of kills by friends in the entire game.
 D = Other kills in this place as a percentage of other kills in the entire game.
 E = Experience gained in this place as a percentage of experience gained in the entire game.
 F = Experience gained in this place divided by the number of levels of this place that you have seen.
                   A       B       C       D       E      F
               +-------+-------+-------+-------+-------+----------------------
         Total | 100.0 | 100.0 | 100.0 |   N/A | 100.0 | 113.2
       Dungeon | 100.0 | 100.0 | 100.0 |   N/A | 100.0 | 113.2
               +-------+-------+-------+-------+-------+----------------------

Table legend: (Time is in decaauts)
 A = Elapsed time spent in this place.
 B = Non-inter-level travel time spent in this place.
 C = Inter-level travel time spent in this place.
 D = Time resting spent in this place.
 E = Time spent auto-exploring this place.
 F = Levels seen in this place.
 G = Mean time per level.
                   A        B        C        D        E       F      G
               +--------+--------+--------+--------+--------+-----+--------+
         Total |   4647 |   4480 |    167 |    153 |   3749 |   5 |  929.4 |
       Dungeon |   4647 |   4480 |    167 |    153 |   3749 |   5 |  929.4 |
               +--------+--------+--------+--------+--------+-----+--------+

Top non-repeatable levels by time:
     D:1: 1427 daAuts
     D:4: 1305 daAuts
     D:3: 1060 daAuts
     D:2: 814 daAuts
     D:5: 39 daAuts
